 Dungeon Crawl Stone Soup version 0.28-a0-241-gfbb0926a3a (webtiles) character file.

Game seed: 6841057152207623987

132 PentaManta the Cutter (level 4, -6/34 HPs)
             Began as a Spriggan Berserker on Aug 24, 2021.
             Was a Believer of Trog.
             Killed by divine providence
             ... invoked by an orc priest
              (10 damage)
             ... on level 3 of the Dungeon.
             The game lasted 00:04:00 (2745 turns).

PentaManta the Cutter (Spriggan Berserker)          Turns: 2745, Time: 00:04:00

Health: -6/34      AC: 22    Str: 13    XL:     4   Next: 92%
Magic:  5/5        EV:  4    Int:  9    God:    Trog [**....]
Gold:   49         SH:  0    Dex: 14    Spells: 3/3 levels left

rFire   . . .      SeeInvis +   a - +0 short sword
rCold   . . .      Faith    .   (shield restricted)
rNeg    + + +      Spirit   .   (armour currently unavailable)
rPois   +          Reflect  .   (helmet currently unavailable)
rElec   .          Harm     .   (cloak currently unavailable)
rCorr   .          Rampage  .   (gloves unavailable)
Will    .....      NoTele   +   (boots unavailable)
Stlth   +.........              (no amulet)
HPRegen 0.11/turn               g - ring of flight
MPRegen 0.09/turn               (no ring)

@: tree-form, on berserk cooldown, slowed, very slow
A: stationary, stasis, torment immunity, boosted hp, very small, no large
weapons, unfitting armour, see invisible, (speed 3)
a: Renounce Religion, Berserk, Trog's Hand


You were on level 3 of the Dungeon.
You worshipped Trog.
Trog was pleased with you.
You were a tree.
You visited 1 branch of the dungeon, and saw 3 of its levels.

You collected 49 gold pieces.

Inventory:

Hand Weapons
 a - a +0 short sword (weapon)
Missiles
 e - 16 boomerangs (quivered)
Armour
 b - a +0 animal skin (melded)
Jewellery
 g - a ring of flight (left branch)
Scrolls
 d - a scroll of enchant armour {unknown}
 i - a scroll of enchant weapon {unknown}
 l - 2 scrolls of identify {unknown}
 m - a scroll of teleportation {unknown}
Potions
 h - a potion of ambrosia {unknown}
 j - a potion of brilliance {unknown}
 k - a potion of curing {unknown}


   Skills:
 - Level 2.4 Fighting
 + Level 6.2 Short Blades
 - Level 4.0 Dodging


You had 3 spell levels left.
You didn't know any spells.
Your spell library contained the following spells:

 Spells                   Type           Power      Damage    Failure   Level
 Stone Arrow              Conj/Erth      0%         3d7       77%         3
 Bolt of Magma            Conj/Fire/Erth 0%         4d4       100%        5
 Shatter                  Erth           0%         3d5*      100%        9


Dungeon Overview and Level Annotations

Branches:
Dungeon (3/15)

Altars:
Beogh

Annotations:
D:3 1 runed translucent door, Crazy Yiuf


Innate Abilities, Weirdness & Mutations

You are a tree.
Your roots penetrate the ground, keeping you stationary.
You cannot be teleported.
You are immune to unholy pain and torment.
Your maximum health is greatly increased.
Your equipment is partially melded.
You are very small and have problems with some larger weapons.
You are too small for most types of armour.
You have supernaturally acute eyesight. (SInv)
((You cover ground extremely quickly. (Speed+++)))


Message History

Trog accepts your kill.
The orc priest looks satisfied for a moment.
Things that are here:
a +0 flail; a +0 halberd; a gnoll corpse You puncture the gnoll!
The gnoll is almost dead.
The gnoll completely misses you. The rat misses you.
You puncture the gnoll!
You kill the gnoll!
Trog accepts your kill. The rat closely misses you.
You see here a +0 halberd.
You hit the rat.
You kill the rat!
Trog accepts your kill.
You are no longer berserk.
You are exhausted.
You feel yourself slow down.
You see here a rat corpse.
You barely miss the orc priest.
It was a potion of heal wounds.
You feel much better. The orc priest closely misses you.
The orc hits you with a +0 club.
You barely miss the orc priest.
The orc priest invokes the aid of Beogh against you.
Beogh smites you!
Ouch! That really hurt!
* * * LOW HITPOINT WARNING * * *
The orc completely misses you. The orc priest hits you with a +0 club.
* * * LOW HITPOINT WARNING * * *
It was a potion of lignification.
You turn into a tree.
Your +0 animal skin melds into your body.
Your roots penetrate the ground.
The orc hits you but does no damage.
The orc priest looks encouraged for a moment.
The orc hits you with a +0 club.
* * * LOW HITPOINT WARNING * * *
Unknown command.
You barely miss the orc priest.
The orc priest invokes the aid of Beogh against you.
Beogh smites you!
You die...

..............................+..
.......#######................#.#
#.####.# ##.##.##........##.#
...# #.# #.##.##.#.....###.# ##.#
#.# ###.##.##.##...## #.# ##.#
#.# ###......##.###'## #..
##.###.# .o......###.# #.# ###
.......# ###.#o#.###.# #.#
##.##### # #o♣)....###.## ##.#
###)######...## ...# #.....#
#.....# #### #####.# ##...######
..#######.###....
#.............### #########.#####
#.# #.#


You could see an orc priest and an orc.

Vanquished Creatures
  An orc priest (D:3)
  An adder (D:2)
  3 gnolls (D:3)
  2 dart slugs
  6 orcs (D:2)
  3 ball pythons
  An endoplasm (D:1)
  4 giant cockroaches
  6 goblins
  4 hobgoblins
  3 jackals (D:2)
  3 quokkas (D:2)
  4 bats
  2 frilled lizards (D:2)
  4 kobolds (D:2)
  4 rats
51 creatures vanquished.

Notes
Turn   | Place    | Note
-------+----------+-------------------------------------------
     0 | D:1      | PentaManta the Spriggan Berserker began the quest for the
                  | Orb.
     0 | D:1      | Reached XP level 1. HP: 11/11 MP: 2/2
   255 | D:1      | Reached skill level 4 in Short Blades
   255 | D:1      | Reached XP level 2. HP: 11/16 MP: 3/3
   754 | D:2      | Reached XP level 3. HP: 16/19 MP: 4/4
   907 | D:2      | Reached ** piety under Trog
  1083 | D:2      | Reached skill level 5 in Short Blades
  2057 | D:2      | Found a faded altar of an unknown god.
  2337 | D:3      | Reached XP level 4. HP: 23/23 MP: 5/5
  2684 | D:3      | Found a runed translucent door.
  2685 | D:3      | Noticed Crazy Yiuf
  2731 | D:3      | Reached skill level 6 in Short Blades
  2745 | D:3      | Killed from afar by an orc priest

Illustrated notes

Levels and vault maps discovered:
D:1:      minmay_arrival_nine_rooms, layout_basic
D:2:      layout_loops_corners, hellmonk_ecumenical_altar_defaced_shrine
D:3:      layout_loops_corners, grunt_temple_overflow_magic_moments,
          uniq_crazy_yiuf_cottage

Skill      XL: |  1  2  3  4 |
---------------+-------------+-----
Short Blades   | 4 5 6 |  6.2
Fighting       | |  2.4
Dodging        | |  4.0

Action                   |  1- 3 |  4- 6 || total
-------------------------+-------+-------++-------
Melee: Short sword       |   141 |    23 ||   164
Invok: Berserk           |     4 |     1 ||     5
  Use: Potion            |       |     2 ||     2
 Stab: Sleeping          |     2 |     1 ||     3
       Distracted        |     1 |       ||     1
Armor: Animal skin       |    13 |     2 ||    15
       Skin              |       |     1 ||     1
Dodge: Dodged            |   106 |    14 ||   120

Table legend: (Time is in decaauts)
 A = Elapsed time spent in this place.
 B = Non-inter-level travel time spent in this place.
 C = Inter-level travel time spent in this place.
 D = Time resting spent in this place.
 E = Time spent auto-exploring this place.
 F = Levels seen in this place.
 G = Mean time per level.
                   A        B        C        D        E       F      G
               +--------+--------+--------+--------+--------+-----+--------+
         Total |   2104 |   2054 |     50 |    180 |   1575 |   3 |  701.3 |
       Dungeon |   2104 |   2054 |     50 |    180 |   1575 |   3 |  701.3 |
               +--------+--------+--------+--------+--------+-----+--------+

Top non-repeatable levels by time:
     D:2: 1369 daAuts
     D:1: 426 daAuts
     D:3: 307 daAuts
